 Dungeon Crawl Stone Soup version 0.32-a0-656-g3542139ebd (webtiles) character file.

Game seed: 9919003671699157305

794 croobank the Trooper (level 7, -1/56 HPs)
             Began as a Coglin Fighter on Mar 8, 2024.
             Slain by a gnoll bouda
             ... wielding a +0 club
              (10 damage)
             ... on level 5 of the Dungeon.
             The game lasted 00:12:25 (4269 turns).

croobank the Trooper (Coglin Fighter)               Turns: 4269, Time: 00:12:25

Health: -1/56      AC: 11    Str: 18    XL:     7   Next: 89%
Magic:  7/7        EV:  9    Int:  8    God:
Gold:   236        SH:  5    Dex: 13    Spells: 4/6 levels left

rFire   . . .        a - +0 war axe {Wu}
rCold   . . .        c - +0 buckler
rNeg    . . .        b - +0 scale mail
rPois   .            (no helmet)
rElec   .            (no cloak)
rCorr   .            f - +1 pair of gloves
SInv    .            r - +1 pair of boots
Will    .....        (amulet unavailable) Stlth
                     (ring unavailable)
HPRegen 0.29/turn    (ring unavailable)
MPRegen 0.10/turn    (no gizmo)

%: no passive effects
@: mighty, weakened, revved
A: off-hand wielding, slow wielding, warmup strikes, no jewellery
a: Invent Gizmo


You were on level 5 of the Dungeon.
You visited 1 branch of the dungeon, and saw 6 of its levels.

You collected 236 gold pieces.

Inventory:

Hand Weapons
 a - a +0 war axe (weapon) {Wu}
 t - a +2 dagger of venom
Armour
 b - a +0 scale mail (worn)
 c - a +0 buckler (worn)
 f - a +1 pair of gloves (worn)
 r - a +1 pair of boots (worn)
Scrolls
 e - a scroll of teleportation
 g - a scroll of blinking {unknown}
 j - a scroll of poison
 k - a scroll of vulnerability
Potions
 h - a potion of attraction
 l - 3 potions of degeneration
 q - a potion of ambrosia


   Skills:
 + Level 5.2 Fighting
 + Level 4.6 Axes
 + Level 4.6 Armour
 + Level 3.8 Shields


You had 4 spell levels left.
You knew the following spells:

 Your Spells              Type           Power      Damage    Failure   Level
B - Blink                 Tloc           0%         N/A       94%         2

Your spell library contained the following spells:

 Spells                   Type           Power      Damage    Failure   Level
 Summon Small Mammal      Summ           0%         N/A       86%         1
 Lesser Beckoning         Tloc           0%         N/A       94%         2
 Momentum Strike          Conj/Tloc      0%         3d8       94%         2
 Call Canine Familiar     Summ           0%         N/A       99%         3
 Dazzling Flash           Conj/Hex       0%         N/A       99%         3
 Mephitic Cloud           Conj/Alch/Air  0%         N/A       99%         3
 Summon Blazeheart Golem  Fire/Summ      0%         N/A       100%        4
 Curse of Agony           Necr           0%         N/A       100%        5
 Silence                  Hex/Air        0%         N/A       100%        5


Dungeon Overview and Level Annotations

Branches:
Dungeon (6/15)
 Temple: D:4-7

Altars:
Okawaru

Shops:
D:3 :


Innate Abilities, Weirdness & Mutations

You can wield a second weapon in your off-hand.
It takes a long time for you to wield or remove held weapons.
Your first few attacks do less damage.
You cannot equip rings or amulets.


Message History

The gnoll bouda barely misses you. You block the gnoll bouda's attack.
You hit the gnoll bouda.
The gnoll bouda is severely wounded.
Your attacks no longer feel as feeble.
The gnoll bouda hits you with a +0 club!
You closely miss the gnoll bouda.
The gnoll bouda is severely wounded.
The gnoll bouda gazes fiercely through you!
You feel your attacks grow feeble. You block the gnoll bouda's attack.
You barely miss the gnoll bouda.
The gnoll bouda is severely wounded.
The gnoll bouda hits you but does no damage.
You hit the gnoll bouda.
The gnoll bouda is severely wounded.
The gnoll bouda gazes fiercely through you!
You feel as though you will be weak longer.
The gnoll bouda barely misses you. You block the gnoll bouda's attack.
You barely miss the gnoll bouda.
The gnoll bouda is severely wounded.
The gnoll bouda hits you but does no damage.
You hit the gnoll bouda.
The gnoll bouda is almost dead.
The gnoll bouda misses you.
You barely miss the gnoll bouda.
The gnoll bouda is almost dead.
The gnoll bouda utters an invocation to its god.
The gnoll bouda is healed somewhat.
The gnoll bouda hits you with a +0 club!
* * * LOW HITPOINT WARNING * * *
You hit the gnoll bouda but do no damage.
The gnoll bouda is heavily wounded.
The gnoll bouda hits you with a +0 club.
* * * LOW HITPOINT WARNING * * *
You feel very mighty all of a sudden. The gnoll bouda closely misses you.
You barely miss the gnoll bouda.
The gnoll bouda is heavily wounded.
The gnoll bouda hits you with a +0 club!
You die...

<####..# .
g...# ## #..#
... #... ...
##.#. ... #.#.#
#.# #.#.# #.#
#.#.. #.# #.#..
#####g#
##.#..###..)@)#
#.....#...#####
#..### #.## #.#
#.# #.# ##.#
#..#


You could see a gnoll bouda.

Vanquished Creatures
  2 ogres
  A phantom (D:4)
  A centaur (D:6)
  A hound (D:4)
  A bombardier beetle (D:4)
  4 orc priests
  A gnoll bouda (D:5)
  8 gnolls
  8 adders
  2 ribbon worms (D:3)
  A dart slug (D:4)
  10 orcs
  10 endoplasms
  7 giant cockroaches
  8 goblins
  3 hobgoblins
  4 jackals (D:2)
  8 kobolds
  4 quokkas
  8 ball pythons
  5 bats
  4 frilled lizards
  10 rats
111 creatures vanquished.

Notes
Turn   | Place    | Note
-------+----------+-------------------------------------------
     0 | D:1      | croobank the Coglin Fighter began the quest for the Orb.
     0 | D:1      | Reached XP level 1. HP: 18/18 MP: 1/1
    62 | D:1      | Reached XP level 2. HP: 17/24 MP: 2/2
   560 | D:1      | Reached XP level 3. HP: 29/29 MP: 3/3
   850 | D:2      | Found an iron altar of Okawaru.
   992 | D:2      | Reached XP level 4. HP: 35/35 MP: 4/4
  1389 | D:3      | Learned a level 2 spell: Blink
  1498 | D:3      | Found Noopp's Book Shoppe.
  1554 | D:3      | You fall into a shaft and drop 3 floors!
  1555 | D:6      | Noticed a centaur
  1556 | D:6      | Noticed an ogre
  1564 | D:6      | Killed an ogre
  1564 | D:6      | Killed a centaur
  1565 | D:6      | Reached skill level 4 in Fighting
  1565 | D:6      | Reached XP level 5. HP: 14/42 MP: 5/5
  1565 | D:6      | Reached XP level 6. HP: 16/48 MP: 6/6
  1590 | D:6      | Noticed a wraith
  1608 | D:5      | Entered Level 5 of the Dungeon
  3064 | D:4      | Reached XP level 7. HP: 55/55 MP: 7/7
  3984 | D:5      | Reached skill level 5 in Fighting
  4269 | D:5      | Slain by a gnoll bouda

Illustrated notes

Levels and vault maps discovered:
D:1:      evilmike_arrival_plus, layout_basic
D:2:      layout_basic, basic_altar
D:3:      layout_rooms, portal_sewer_entry_e, serial_shops, shop
D:4:      layout_basic, grunt_tough_drop
D:5:      layout_basic
D:6:      layout_rooms, serial_shops, shop, uniq_blork_the_orc

Skill      XL: |  1  2  3  4  5  6  7 |
---------------+----------------------+-----
Armour         | 3 4 |  4.6
Fighting       | 4 5 |  5.2
Axes           | 3 4 |  4.6
Shields        | 3 |  3.8

Action                     |  1- 3 |  4- 6 |  7- 9 || total
---------------------------+-------+-------+-------++-------
  Melee: War axe           |    91 |   119 |   149 ||   359
    Use: Potion            |       |     2 |     4 ||     6
         Scroll            |       |    13 |       ||    13
 Armour: Scale mail        |    91 |    89 |   127 ||   307
  Dodge: Dodged            |    49 |    66 |    79 ||   194
  Block: Buckler           |    33 |    23 |    43 ||    99

Table legend: (Time is in decaauts)
 A = Elapsed time spent in this place.
 B = Non-inter-level travel time spent in this place.
 C = Inter-level travel time spent in this place.
 D = Time resting spent in this place.
 E = Time spent auto-exploring this place.
 F = Levels seen in this place.
 G = Mean time per level.
                   A        B        C        D        E       F      G
               +--------+--------+--------+--------+--------+-----+--------+
         Total |   4403 |   4270 |    133 |    917 |   2335 |   6 |  733.8 |
       Dungeon |   4403 |   4270 |    133 |    917 |   2335 |   6 |  733.8 |
               +--------+--------+--------+--------+--------+-----+--------+

Top non-repeatable levels by time:
     D:4: 1198 daAuts
     D:3: 897 daAuts
     D:5: 791 daAuts
     D:2: 734 daAuts
     D:1: 724 daAuts
     D:6: 58 daAuts
